[ AOE2 MATCH · #506654973 ]
UnrankedCumans vs Malay
Player's team · WIN
Rival team · LOSS
[ REPLAY ANALYSIS · EXTRACTED FROM THE RECORDED GAME ]
Feudal
9:21
Castle
—
Imperial
—
| APM avg | 61.3 |
| APM peak | 101 |
| eAPM avg | 30.6 |
| Villagers / military | 76 / 13 |
Focus
⚔️ 43.7% · 🌾 56.3%
Scout Cavalry ×9 · Archer ×2 · Militia ×1 · Spearman ×1
Feudal
8:54
Castle
22:26
Imperial
—
| APM avg | 52.7 |
| APM peak | 87 |
| eAPM avg | 21.0 |
| Villagers / military | 64 / 22 |
Focus
⚔️ 26.9% · 🌾 73.1%
Archer ×9 · Militia ×6 · Spearman ×5 · Skirmisher ×2
Match map
Initial resources + every placement click. Lines = walls · curves = elevation contours. ◆ gold · ⬟ stone · ● berries · ✦ relic · ◌ wall gap
Your base· Open — 2t gap
pierrehusson's base· Open — 2t gap
Smoothed initial terrain · ◌ = detected wall gap · hover for details
Inputs per minute
— Rheinwg - - pierrehusson
Build order — Rheinwg
144 actions detected in the replay
| 0:01 | Queue | Villager (Male) |
| 0:02 | Queue | Villager (Male) |
| 0:02 | Queue | Villager (Male) |
| 0:03 | Build | House |
| 0:04 | Build | House |
| 0:11 | Queue | Villager (Male) |
| 0:11 | Queue | Villager (Male) |
| 1:36 | Queue | Villager (Male) |
| 1:36 | Queue | Villager (Male) |
| 1:52 | Queue | Villager (Male) |
| 1:52 | Queue | Villager (Male) |
| 1:54 | Build | Lumber Camp |
| 2:35 | Queue | Villager (Male) |
| 2:35 | Queue | Villager (Male) |
| 2:50 | Queue | Villager (Male) |
| 2:50 | Queue | Villager (Male) |
| 3:22 | Queue | Villager (Male) |
| 3:22 | Queue | Villager (Male) |
| 3:56 | Build | House |
| 4:16 | Queue | Villager (Male) |
| 4:16 | Queue | Villager (Male) |
| 4:17 | Queue | Villager (Male) |
| 4:40 | Build | House |
| 4:43 | Queue | Villager (Male) |
| 4:43 | Queue | Villager (Male) |
| 5:23 | Queue | Villager (Male) |
| 5:25 | Build | Mill |
| 5:33 | Queue | Villager (Male) |
| 6:05 | Queue | Villager (Male) |
| 6:25 | Build | Palisade Gate |
| 6:48 | Queue | Villager (Male) |
| 7:11 | Research | Feudal Age |
| 7:12 | Research | Feudal Age |
| 7:19 | Build | Palisade Wall |
| 7:22 | Build | Palisade Wall |
| 8:08 | Build | Barracks |
| 8:28 | Build | House |
| 9:04 | Build | Palisade Wall |
| 9:10 | Build | Palisade Wall |
| 9:11 | Build | Palisade Wall |
| 9:13 | Queue | Villager (Male) |
| 9:21 | Research | Loom |
| 9:21 | Age | Feudal Age |
| 9:31 | Build | Stable |
| 9:34 | Queue | Villager (Male) |
| 9:45 | Build | Stable |
| 9:50 | Queue | Villager (Male) |
| 9:53 | Queue | Villager (Male) |
| 10:01 | Queue | Militia |
| 10:03 | Queue | Spearman |
| 10:13 | Queue | Scout Cavalry |
| 10:14 | Queue | Scout Cavalry |
| 10:27 | Build | Market |
| 10:31 | Queue | Villager (Male) |
| 10:33 | Queue | Scout Cavalry |
| 10:34 | Queue | Scout Cavalry |
| 11:24 | Queue | Scout Cavalry |
| 11:35 | Queue | Villager (Male) |
| 12:07 | Queue | Villager (Male) |
| 12:32 | Queue | Villager (Male) |
| 12:38 | Build | House |
| 13:07 | Queue | Villager (Male) |
| 13:15 | Queue | Villager (Male) |
| 13:24 | Queue | Villager (Male) |
| 13:38 | Queue | Villager (Male) |
| 13:45 | Research | Double-Bit Axe |
| 13:45 | Research | Double-Bit Axe |
| 13:52 | Build | Archery Range |
| 14:22 | Build | Town Center |
| 14:35 | Queue | Villager (Male) |
| 14:48 | Queue | Archer |
| 14:48 | Queue | Archer |
| 15:28 | Queue | Villager (Male) |
| 15:28 | Queue | Villager (Male) |
| 16:04 | Queue | Villager (Male) |
| 16:05 | Queue | Villager (Male) |
| 16:09 | Build | Farm |
| 16:09 | Build | Farm |
| 16:11 | Build | Farm |
| 16:11 | Build | Farm |
| 16:11 | Build | Farm |
| 16:11 | Build | Farm |
| 16:12 | Build | Farm |
| 16:12 | Build | Farm |
| 16:28 | Queue | Villager (Male) |
| 16:28 | Queue | Villager (Male) |
| 16:39 | Build | Farm |
| 16:57 | Queue | Villager (Male) |
| 16:57 | Queue | Villager (Male) |
| 17:31 | Queue | Villager (Male) |
| 17:41 | Build | Watch Tower |
| 17:52 | Queue | Villager (Male) |
| 17:53 | Queue | Villager (Male) |
| 18:23 | Queue | Villager (Male) |
| 18:23 | Queue | Villager (Male) |
| 18:23 | Queue | Villager (Male) |
| 18:45 | Queue | Villager (Male) |
| 18:51 | Build | Watch Tower |
| 18:57 | Build | House |
| 19:13 | Queue | Villager (Male) |
| 19:14 | Queue | Villager (Male) |
| 19:14 | Queue | Villager (Male) |
| 20:04 | Queue | Villager (Male) |
| 20:04 | Queue | Villager (Male) |
| 20:23 | Build | Blacksmith |
| 20:43 | Build | Watch Tower |
| 21:01 | Queue | Villager (Male) |
| 21:02 | Queue | Villager (Male) |
| 21:02 | Queue | Villager (Male) |
| 21:08 | Build | Farm |
| 21:08 | Build | Farm |
| 21:08 | Build | Farm |
| 21:14 | Build | Farm |
| 21:21 | Queue | Villager (Male) |
| 21:21 | Queue | Villager (Male) |
| 21:32 | Build | House |
| 21:33 | Build | House |
| 21:42 | Queue | Villager (Male) |
| 21:42 | Queue | Villager (Male) |
| 21:43 | Queue | Villager (Male) |
| 21:54 | Build | Watch Tower |
| 22:00 | Queue | Villager (Male) |
| 22:01 | Queue | Villager (Male) |
| 22:07 | Build | Lumber Camp |
| 22:22 | Research | Town Watch |
| 22:36 | Queue | Villager (Male) |
| 22:36 | Queue | Villager (Male) |
| 22:51 | Build | Siege Workshop |
| 23:15 | Queue | Scout Cavalry |
| 23:16 | Queue | Scout Cavalry |
| 24:17 | Queue | Villager (Male) |
| 24:17 | Queue | Villager (Male) |
| 24:17 | Queue | Villager (Male) |
| 24:51 | Build | Palisade Wall |
| 24:53 | Build | Palisade Wall |
| 24:54 | Build | Palisade Wall |
| 24:55 | Build | Palisade Wall |
| 24:56 | Build | Palisade Wall |
| 24:59 | Queue | Villager (Male) |
| 24:59 | Queue | Villager (Male) |
| 24:59 | Queue | Villager (Male) |
| 25:00 | Queue | Villager (Male) |
| 25:16 | Queue | Scout Cavalry |
| 25:17 | Queue | Scout Cavalry |
Build order — pierrehusson
141 actions detected in the replay
| 0:02 | Queue | Villager (Male) ×4 |
| 0:05 | Build | House |
| 0:06 | Build | House |
| 1:35 | Build | Lumber Camp |
| 1:37 | Queue | Villager (Male) |
| 1:37 | Queue | Villager (Male) |
| 1:38 | Queue | Villager (Male) |
| 2:08 | Queue | Villager (Male) |
| 2:09 | Queue | Villager (Male) |
| 2:09 | Queue | Villager (Male) |
| 2:36 | Queue | Villager (Male) |
| 2:36 | Queue | Villager (Male) |
| 2:37 | Queue | Villager (Male) |
| 2:48 | Queue | Villager (Male) |
| 2:48 | Queue | Villager (Male) |
| 2:48 | Queue | Villager (Male) |
| 2:49 | Queue | Villager (Male) |
| 3:16 | Queue | Villager (Male) |
| 3:16 | Queue | Villager (Male) |
| 3:16 | Queue | Villager (Male) |
| 3:51 | Queue | Villager (Male) |
| 3:51 | Queue | Villager (Male) |
| 3:52 | Queue | Villager (Male) |
| 3:58 | Build | House |
| 4:07 | Queue | Villager (Male) |
| 4:07 | Queue | Villager (Male) |
| 4:30 | Build | Barracks |
| 4:34 | Queue | Villager (Male) |
| 4:54 | Queue | Villager (Male) |
| 5:36 | Queue | Villager (Male) |
| 5:42 | Build | Mining Camp |
| 5:53 | Queue | Villager (Male) |
| 6:03 | Build | House |
| 6:22 | Queue | Villager (Male) |
| 6:39 | Queue | Villager (Male) |
| 7:28 | Research | Feudal Age |
| 7:50 | Queue | Militia |
| 7:50 | Queue | Militia |
| 8:02 | Build | House |
| 8:13 | Queue | Militia |
| 8:44 | Queue | Villager (Male) |
| 8:54 | Age | Feudal Age |
| 8:58 | Research | Loom |
| 9:04 | Queue | Villager (Male) |
| 9:11 | Build | House |
| 9:15 | Build | Archery Range |
| 9:25 | Queue | Villager (Male) |
| 9:31 | Build | Mill |
| 9:33 | Queue | Villager (Male) |
| 9:52 | Research | Double-Bit Axe |
| 10:03 | Research | Man-at-Arms (upgrade) |
| 10:33 | Queue | Villager (Male) |
| 10:38 | Build | House |
| 10:56 | Queue | Villager (Male) |
| 11:03 | Queue | Skirmisher |
| 11:03 | Queue | Skirmisher |
| 11:25 | Queue | Spearman |
| 11:25 | Queue | Spearman |
| 11:32 | Build | House |
| 11:37 | Build | House |
| 11:40 | Queue | Spearman |
| 11:52 | Queue | Villager (Male) |
| 11:55 | Queue | Archer |
| 11:58 | Queue | Spearman |
| 12:06 | Build | Blacksmith |
| 12:17 | Queue | Villager (Male) |
| 12:20 | Build | House |
| 12:31 | Queue | Villager (Male) |
| 12:34 | Build | Farm |
| 12:35 | Build | Farm |
| 12:39 | Build | Farm |
| 12:40 | Queue | Archer |
| 12:55 | Build | House |
| 13:04 | Queue | Villager (Male) |
| 13:06 | Queue | Spearman |
| 13:12 | Build | Palisade Gate |
| 13:26 | Queue | Archer |
| 13:26 | Queue | Archer |
| 13:30 | Build | Farm |
| 13:32 | Build | Farm |
| 13:35 | Build | Farm |
| 13:36 | Queue | Villager (Male) |
| 14:00 | Build | Farm |
| 14:02 | Build | Farm |
| 14:06 | Queue | Villager (Male) |
| 14:32 | Queue | Villager (Male) |
| 14:34 | Queue | Archer |
| 14:39 | Queue | Villager (Male) |
| 14:44 | Build | Farm |
| 15:04 | Research | Fletching |
| 15:04 | Research | Fletching |
| 15:04 | Research | Fletching |
| 15:09 | Queue | Archer |
| 15:09 | Queue | Archer |
| 15:21 | Queue | Villager (Male) |
| 15:28 | Build | Farm |
| 15:34 | Build | Market |
| 15:37 | Queue | Villager (Male) |
| 15:54 | Queue | Villager (Male) |
| 16:11 | Build | Watch Tower |
| 16:15 | Queue | Villager (Male) |
| 16:21 | Queue | Villager (Male) |
| 16:28 | Build | Mining Camp |
| 16:34 | Queue | Archer |
| 16:34 | Queue | Archer |
| 16:45 | Queue | Militia |
| 16:45 | Queue | Militia |
| 16:51 | Queue | Villager (Male) |
| 17:30 | Queue | Villager (Male) |
| 17:32 | Queue | Militia |
| 17:36 | Queue | Villager (Male) |
| 17:45 | Queue | Villager (Male) |
| 18:29 | Queue | Villager (Male) |
| 18:33 | Queue | Villager (Male) |
| 18:41 | Build | House |
| 18:59 | Build | Watch Tower |
| 20:00 | Queue | Villager (Male) |
| 20:00 | Queue | Villager (Male) |
| 20:03 | Build | House |
| 20:25 | Build | Watch Tower |
| 20:29 | Queue | Villager (Male) |
| 20:41 | Research | Castle Age |
| 21:04 | Build | House |
| 21:23 | Build | House |
| 21:45 | Queue | Villager (Male) |
| 21:49 | Build | Mining Camp |
| 22:02 | Build | Mining Camp |
| 22:26 | Age | Castle Age |
| 22:36 | Build | Castle |
| 22:56 | Queue | Villager (Male) |
| 22:56 | Queue | Villager (Male) |
| 23:01 | Research | Bow Saw |
| 23:14 | Build | House |
| 23:26 | Build | Palisade Wall |
| 23:28 | Build | Palisade Wall |
| 23:29 | Build | Palisade Wall |
| 24:17 | Build | Palisade Wall |
| 24:41 | Queue | Villager (Male) |
| 24:42 | Queue | Villager (Male) |
| 24:50 | Build | Town Center |
| 25:24 | Build | Palisade Wall |
Match timeline
| 4:30 | pierrehusson · first_building Barracks |
| 7:19 | Rheinwg · wall_segment Palisade Wall x1 |
| 7:22 | Rheinwg · wall_segment Palisade Wall x1 |
| 8:08 | Rheinwg · first_building Barracks |
| 8:54 | pierrehusson · age_up feudal |
| 9:04 | Rheinwg · wall_segment Palisade Wall x1 |
| 9:10 | Rheinwg · wall_segment Palisade Wall x1 |
| 9:11 | Rheinwg · wall_segment Palisade Wall x1 |
| 9:15 | pierrehusson · first_building Archery Range |
| 9:21 | Rheinwg · age_up feudal |
| 9:31 | Rheinwg · first_building Stable |
| 13:52 | Rheinwg · first_building Archery Range |
| 15:59 | Rheinwg · first_market_sell 100 wood |
| 16:26 | Rheinwg · first_market_buy 100 food |
| 20:32 | pierrehusson · first_market_sell 500 wood |
| 20:34 | pierrehusson · first_market_buy 100 food |
| 22:26 | pierrehusson · age_up castle |
| 22:36 | pierrehusson · first_building Castle |
| 22:51 | Rheinwg · first_building Siege Workshop |
| 23:26 | pierrehusson · wall_segment Palisade Wall x1 |
| 23:28 | pierrehusson · wall_segment Palisade Wall x1 |
| 23:29 | pierrehusson · wall_segment Palisade Wall x1 |
| 24:17 | pierrehusson · wall_segment Palisade Wall x1 |
| 24:51 | Rheinwg · wall_segment Palisade Wall x1 |
| 24:53 | Rheinwg · wall_segment Palisade Wall x1 |
| 24:54 | Rheinwg · wall_segment Palisade Wall x4 |
| 24:55 | Rheinwg · wall_segment Palisade Wall x4 |
| 24:56 | Rheinwg · wall_segment Palisade Wall x6 |
| 25:24 | pierrehusson · wall_segment Palisade Wall x1 |
| 25:49 | pierrehusson · resign |
[ AI ANALYSIS · 1 CREDIT ]
What really happened in this match?
Wolo.gg analyzes every decision: build order, eco, micro, common mistakes by bracket. Personalized analysis on WhatsApp or Discord in 30 seconds.
Civ guide
Cumans
Perfil
Jugador #6204592